Map: Taito Citadel LE

Players

HoldTheDoor - Winner!

  • Race: Protoss Protoss
  • League: Diamond
  • Spawn Location: 11:00

Vetrius

  • Race: Zerg Zerg
  • League: Master
  • Spawn Location: 5:00

VOD

Have the link to the VOD?

Description

Time

  • Played on: May 6, 2026, 12:08 p.m.
  • Length: 10:40
Show
View Real Time Build Order
Export as new Build Order

HoldTheDoor Protoss - Winner!

Build Orders: 1 Gate Expand, Zealot Archon 

Get SALT Encoding   

  12  0:00  Probe  
  13  0:12  Probe  
  14  0:19  Pylon  
  14  0:24  Probe  
  15  0:33  Probe  
  15  0:40  Gateway  
  15  0:41  Probe  
  17  0:51  Assimilator, Probe  
  18  1:05  Probe  
  19  1:24  Nexus  
  19  1:31  Cybernetics Core  
  19  1:35  Probe  
  20  1:47  Probe  
  20  1:48  Pylon  
  21  1:59  Probe  
  22  2:04  Stalker  
  24  2:11  Probe  
  24  2:13  Assimilator  
  25  2:15  Warp Gate  
  25  2:22  Shield Battery  
  25  2:24  Probe  
  26  2:35  Pylon  
  26  2:37  Probe  
  26  2:43  Probe  
  28  2:44  Gateway  
  28  2:50  Probe  
  29  2:52  Adept  
  31  2:59  Probe  
  31  3:00  Twilight Council  
  31  3:03  Probe  
  33  3:12  Probe  
  34  3:17  Probe, Pylon  
  35  3:21  Robotics Facility  
  35  3:24  Probe  
  36  3:29  Probe  
  37  3:36  Probe  
  38  3:41  Probe  
  37  3:53  Shield Battery  
  37  3:55  Pylon  
  37  4:06  Dark Shrine  
  37  4:07  Probe  
  37  4:09  Adept x2  
  42  4:12  Warp Prism  
  44  4:21  Probe x2  
  44  4:31  Gateway  
  44  4:32  Gateway  
  44  4:33  Probe  
  44  4:35  Pylon  
  44  4:36  Probe  
  46  4:45  Probe, Assimilator  
  46  4:48  Probe  
  46  4:50  Pylon  
  48  4:57  Adept x2  
  48  4:59  Probe  
  53  5:03  Probe  
  54  5:09  Forge  
  54  5:10  Charge  
  54  5:19  Dark Templar x2  
  62  5:32  Dark Templar  
  60  5:51  Dark Templar  
  60  6:44  Protoss Ground Weapons Level 1  
  60  6:48  Nexus, Immortal  
  60  6:50  Pylon  
  60  6:52  Probe x2  
  60  6:53  Pylon  
  62  6:54  Pylon  
  62  6:57  Pylon  
  62  7:00  Zealot x4  
  74  7:04  Probe  
  75  7:09  Gateway  
  75  7:10  Gateway  
  75  7:12  Gateway x2  
  75  7:14  Probe  
  75  7:15  Gateway  
  76  7:18  Gateway  
  76  7:19  Gateway  
  76  7:20  Zealot x2  
  76  7:21  Zealot x2, Gateway  
  84  7:23  Gateway  
  84  7:26  Archon  
  84  7:27  Immortal  
  86  7:40  Zealot  
  86  7:41  Zealot x3  
  66  8:00  Probe x2  
  66  8:01  Probe  
  67  8:10  Dark Templar x5  
  67  8:11  Zealot x2  
  67  8:12  Zealot x2, Probe  
  86  8:14  Archon  
  86  8:15  Archon  
  86  8:18  Dark Templar  
  88  8:22  Archon  
  88  8:23  Probe  
  89  8:28  Probe  
  90  8:36  Pylon  
  90  8:39  Pylon  
  90  8:40  Photon Cannon  
  90  8:43  Pylon  
  90  8:45  Photon Cannon  
  90  8:47  Pylon  
  90  8:49  Photon Cannon  
  90  8:50  Shield Battery  
  90  8:53  Shield Battery  
  90  8:55  Pylon  
  90  8:56  Probe, Pylon  
  90  9:00  Immortal  
  95  9:03  Zealot x3  
  101  9:12  Pylon  
  101  9:17  Dark Templar x2  
  101  9:24  Archon  
  105  9:32  Photon Cannon  
  105  9:34  Photon Cannon  
  105  9:37  Zealot x5  
  115  9:40  Photon Cannon  
  115  9:58  Pylon  
  115  10:00  Photon Cannon  
  115  10:01  Photon Cannon  
  115  10:03  Shield Battery  
  115  10:09  Zealot x2  
  115  10:10  Zealot x3  
  115  10:11  Zealot x3  
  115  10:12  Zealot  
  127  10:25  Zealot x4  
Show
View Real Time Build Order
Export as new Build Order

Vetrius Zerg 

Build Orders: Hatch First 

Get SALT Encoding   

  12  0:00  Drone  
  13  0:09  Drone  
  14  0:16  Overlord  
  14  0:34  Drone x3  
  17  0:46  Drone  
  18  0:55  Hatchery  
  17  1:06  Spawning Pool  
  17  1:10  Drone  
  17  1:18  Drone x2, Extractor  
  18  1:30  Drone  
  19  1:40  Hatchery  
  18  1:53  Queen  
  20  1:57  Drone x2  
  22  2:09  Queen  
  24  2:16  Overlord  
  24  2:23  Metabolic Boost  
  24  2:29  Drone  
  25  2:36  Queen  
  27  2:42  Zergling x2  
  27  2:43  Zergling x2  
  29  2:46  Zergling x2  
  30  2:54  Zergling x4  
  30  2:56  Zergling x2  
  33  3:06  Overlord  
  33  3:09  Drone  
  34  3:19  Drone x3  
  37  3:20  Drone  
  37  3:22  Drone  
  39  3:33  Spore Crawler  
  38  3:34  Spore Crawler  
  38  3:41  Drone x3  
  40  3:49  Spore Crawler  
  40  3:51  Drone x3  
  42  3:58  Baneling Nest  
  42  4:02  Drone x3  
  43  4:10  Overlord x2  
  43  4:15  Overlord  
  42  4:21  Overlord  
  40  4:27  Overlord  
  38  4:35  Zergling x14  
  45  4:41  Roach Warren  
  44  4:45  Zergling x2  
  44  4:46  Zergling x4  
  47  4:53  Zergling x8  
  51  5:01  Baneling  
  51  5:02  Baneling x8  
  51  5:07  Lair  
  51  5:11  Drone x2  
  53  5:24  Roach x4  
  61  5:34  Drone x7  
  68  5:43  Spore Crawler x2  
  68  5:50  Roach x3  
  68  5:53  Zergling x6, Extractor  
  73  6:14  Spore Crawler  
  73  6:17  Baneling x3  
  67  6:19  Drone x12  
  67  6:25  Overseer  
  76  6:44  Centrifugal Hooks, Overlord x3  
  76  6:45  Zergling x8  
  80  6:52  Extractor  
  80  6:53  Extractor  
  78  6:56  Evolution Chamber  
  78  6:58  Overseer  
  78  6:59  Evolution Chamber  
  76  7:11  Spore Crawler  
  76  7:13  Overlord, Overseer  
  76  7:14  Baneling  
  75  7:20  Overlord  
  75  7:23  Zerg Missile Weapons Level 1  
  75  7:24  Hatchery  
  71  7:39  Zergling x6  
  71  7:40  Zergling x6, Overseer  
  71  7:43  Zergling x4  
  61  7:55  Zergling x10  
  59  8:00  Zerg Melee Weapons Level 1  
  59  8:03  Baneling x3  
  55  8:12  Glial Reconstitution  
  53  8:15  Drone x2  
  53  8:17  Overseer  
  55  8:21  Drone x2  
  55  8:23  Baneling x2  
  57  8:28  Drone x2  
  59  8:39  Drone  
  59  8:40  Drone x4  
  64  8:47  Hydralisk Den  
  63  8:57  Drone x3  
  63  8:59  Spore Crawler  
  63  9:01  Spine Crawler  
  64  9:05  Drone x4  
  68  9:14  Drone  
  68  9:15  Drone x3  
  72  9:17  Grooved Spines  
  72  9:24  Drone x2  
  74  9:33  Hydralisk x3  
  80  9:42  Lurker Den  
  80  9:44  Drone x3  
  80  9:45  Drone  
  83  9:48  Baneling x4  
  83  9:58  Hydralisk x4  
  91  10:05  Spine Crawler x2  
  89  10:10  Spine Crawler  
  89  10:12  Hydralisk x2  
Tags
 
Add a new tag
Caveats
  • Supply blocks, unpowered buildings, or Contaminate may cause inaccurate times.
  • Supply counts are checked every 10 seconds.